 Dungeon Crawl Stone Soup version 0.23.2-33-g5129a83 (webtiles) character file.

Game seed: 2084243870895397792

154 technought the Shield-Bearer (level 5, -5/33 HPs)
             Began as a Gargoyle Fighter on Aug 6, 2019.
             Was a Follower of Cheibriados.
             Slain by a gnoll
             ... wielding a +0 spear
              (6 damage)
             ... on level 3 of the Dungeon.
             The game lasted 00:03:28 (1985 turns).

technought the Shield-Bearer (Gargoyle Fighter)     Turns: 1985, Time: 00:03:29

Health: -5/33      AC: 11    Str: 28    XL:     5   Next: 36%
Magic:  5/5        EV:  8    Int: 10    God:    Cheibriados [*.....]
Gold:   119        SH: 10    Dex: 11    Spells: 4/4 levels left

rFire    + . .     SeeInvis .   a - +2 war axe
rCold    x . .     Gourm    .   c - +0 shield
rNeg     + . .     Faith    .   b - +0 scale mail
rPois    ∞         Spirit   .   (no helmet)
rElec    +         Reflect  .   (no cloak)
rCorr    .         Harm     .   (no gloves)
MR       .....                  (no boots)
Stlth    ..........             (no amulet)
HPRegen  0.11/turn              i - ring of fire
MPRegen  0.09/turn              (no ring)

@: mighty, hasted, quick
A: negative energy resistance 1, electricity resistance, unbreathing,
petrification resistance, rot immunity, AC +4
a: Bend Time, Renounce Religion


You were on level 3 of the Dungeon.
You worshipped Cheibriados.
Cheibriados was aware of your devotion.
You were not hungry.

You visited 1 branch of the dungeon, and saw 3 of its levels.

You collected 119 gold pieces.

Inventory:

Hand Weapons
 a - a +2 war axe (weapon)
Armour
 b - a +0 scale mail (worn)
 c - a +0 shield (worn)
Jewellery
 i - a ring of fire (left hand)
Scrolls
 e - 3 scrolls of identify
 j - a scroll of enchant armour {unknown}
 k - a scroll of magic mapping {unknown}
Potions
 h - a potion of heal wounds {unknown}
 l - a potion of brilliance {unknown}
Comestibles
 f - 9 rations


   Skills:
 + Level 3.8 Fighting
 + Level 3.0 Axes
 + Level 4.2 Armour
 + Level 0.9 Dodging
 + Level 4.3 Shields


You had 4 spell levels left.
You didn't know any spells.
Your spell library was empty.

Dungeon Overview and Level Annotations

Branches:
Dungeon (3/15)

Altars:
Cheibriados
Dithmenos
Elyvilon
Hepliaklqana
Qazlal
Xom
Zin


Innate Abilities, Weirdness & Mutations

You are resistant to torment.
Your stone body is resilient. (AC +4)
You are immune to poison.
You resist negative energy. (rN+)
You are resistant to electric shocks. (rElec)
You can survive without breathing.
You are immune to petrification.
You are immune to rotting.


Message History

Cheibriados appreciates the change of pace.
The gnoll hits you from afar with a +0 spear.
A frilled lizard comes into view.
You block the gnoll's attack. The gnoll barely misses you.
Things that are here:
a +0 club x2; a hobgoblin corpse You hit the gnoll.
The gnoll is lightly wounded.
You block the gnoll's attack.
You barely miss the gnoll.
The gnoll is lightly wounded.
You barely miss the ogre. The gnoll hits you with a +0 spear.
The ogre hits you with a cursed -3 giant spiked club!
* * * LOW HITPOINT WARNING * * *
The gnoll hits you but does no damage.
It was a potion of haste.
You feel yourself speed up.
Cheibriados forgives your accidental hurry, just this once.
You block the frilled lizard's attack. The ogre closely misses you.
The gnoll hits you with a +0 spear.
You die...

##
###..##.#
##.##.#
#.##.###
#..#...###
##..##...#
##..###.##
##.###..#
#...).)##
#####$@O#
#.lg.#
##......
###....#
.#..#
......
###.. #.


You could see an ogre, a gnoll and a frilled lizard.

Vanquished Creatures
  An orc priest (D:3)
  An orc wizard (D:3)
  3 adders (D:2)
  2 gnolls (D:3)
  A worm (D:3)
  A dart slug (D:2)
  2 leopard geckos
  An orc (D:3)
  3 giant cockroaches
  6 goblins
  9 hobgoblins
  4 jackals (D:2)
  2 bats
  2 frilled lizards (D:2)
  2 kobolds (D:1)
  4 rats
44 creatures vanquished.

Notes
Turn   | Place    | Note
-------+----------+-------------------------------------------
     0 | D:1      | technought the Gargoyle Fighter began the quest for the
                  | Orb.
     0 | D:1      | Reached XP level 1. HP: 14/14 MP: 1/1
   232 | D:1      | Reached XP level 2. HP: 18/19 MP: 2/2
   876 | D:2      | Found a snail-covered altar of Cheibriados.
   896 | D:2      | Became a worshipper of Cheibriados the Contemplative
   969 | D:2      | Reached XP level 3. HP: 19/23 MP: 3/3
   981 | D:2      | Found a stormy altar of Qazlal.
  1330 | D:2      | Found a hazy altar of Hepliaklqana.
  1411 | D:2      | Found a glowing silver altar of Zin.
  1446 | D:2      | Found a shadowy altar of Dithmenos.
  1594 | D:2      | Reached XP level 4. HP: 28/28 MP: 4/4
  1610 | D:2      | Found a shimmering altar of Xom.
  1610 | D:2      | Found a white marble altar of Elyvilon.
  1975 | D:3      | Reached * piety under Cheibriados
  1977 | D:3      | Reached XP level 5. HP: 18/33 MP: 5/5
  1979 | D:3      | Noticed an ogre
  1984 | D:3      | HP: 1/33 [ogre/cursed -3 giant spiked club (12)]
  1985 | D:3      | Slain by a gnoll

Skill      XL: |  1  2  3  4  5 |
---------------+----------------+-----
Axes           | 2 3 |  3.0
Shields        | 4 |  4.3
Armour         | 4 |  4.2
Fighting       | |  3.8
Dodging        | |  0.9

Action                   |  1- 3 |  4- 6 || total
-------------------------+-------+-------++-------
Melee: War axe           |   107 |    21 ||   128
  Use: Scroll            |     3 |       ||     3
       Potion            |       |     2 ||     2
  Eat: Chunk             |     2 |       ||     2
       Ration            |     1 |       ||     1
Armor: Scale mail        |   161 |    23 ||   184
Dodge: Dodged            |    89 |    13 ||   102
Block: Shield            |   137 |    14 ||   151
